Map: Blueshift LE

Players

Woogie

  • Race: Zerg Zerg
  • League: Diamond
  • Spawn Location: 1:00

JonWick - Winner!

  • Race: Zerg Zerg
  • League: Diamond
  • Spawn Location: 7:00

VOD

Have the link to the VOD?

Description

Couldn't get a 3rd stabilized against this opponent's constant pressure. Counter attacks failed.

Time

  • Played on: Sept. 17, 2018, 5:24 p.m.
  • Length: 12:17
Show
View Real Time Build Order
Export as new Build Order

Woogie Zerg 

Build Orders: Hatch First 

Get SALT Encoding   

  12  0:01  Drone  
  13  0:13  Overlord  
  13  0:19  Drone  
  14  0:31  Drone x2  
  14  0:35  Drone  
  17  0:54  Hatchery  
  17  0:55  Drone  
  17  1:09  Spawning Pool  
  16  1:11  Drone  
  16  1:15  Extractor  
  16  1:16  Drone  
  17  1:20  Drone  
  18  1:28  Drone  
  19  1:40  Overlord  
  19  2:02  Drone, Queen  
  19  2:04  Drone  
  19  2:06  Drone  
  24  2:14  Queen  
  26  2:20  Drone x2  
  26  2:21  Metabolic Boost  
  28  2:25  Drone  
  29  2:32  Zergling x2  
  29  2:36  Overlord  
  30  2:38  Queen  
  32  2:58  Drone x4  
  35  3:05  Queen  
  38  3:15  Drone x4  
  42  3:21  Hatchery  
  41  3:27  Zergling x6  
  41  3:29  Overlord  
  41  3:32  Roach Warren  
  43  3:34  Extractor  
  43  3:35  Extractor  
  41  3:43  Evolution Chamber  
  41  3:44  Evolution Chamber  
  39  4:01  Drone x5  
  39  4:02  Drone x2  
  46  4:09  Zerg Missile Weapons Level 1  
  46  4:13  Drone x3  
  49  4:25  Zergling x2  
  49  4:28  Zergling x10  
  49  4:29  Zergling x2  
  52  4:34  Zergling x4  
  52  4:54  Overlord  
  52  4:55  Overlord  
  52  5:20  Lair  
  52  5:21  Zerg Ground Armor Level 1  
  52  5:22  Hatchery x2  
  48  5:31  Roach  
  48  5:32  Roach x8  
  61  5:49  Roach  
  67  5:50  Hatchery, Roach x2  
  67  5:51  Overlord  
  66  6:07  Drone  
  66  6:10  Drone  
  66  6:11  Drone x2  
  70  6:39  Hatchery  
  69  6:44  Glial Reconstitution  
  69  6:45  Roach  
  69  6:46  Roach x5  
  81  6:47  Overlord  
  81  6:48  Overlord x4  
  81  7:02  Zerg Missile Weapons Level 2  
  81  7:07  Ravager x3  
  84  7:10  Extractor  
  84  7:13  Drone x3  
  86  7:26  Zerg Melee Weapons Level 1  
  86  7:27  Zergling x4  
  86  7:28  Zergling x28  
  91  8:09  Roach x9  
  91  8:10  Roach x2  
  94  8:29  Roach x3  
  96  8:41  Roach x3  
  95  8:43  Queen x2  
  95  8:44  Queen  
  101  9:01  Roach x6  
  113  9:03  Ravager  
  113  9:05  Hatchery, Ravager  
  113  9:06  Ravager  
  113  9:08  Hatchery  
  114  9:37  Ravager  
  114  9:38  Ravager x3  
  118  9:39  Drone  
  118  9:40  Drone x3  
  118  9:41  Overlord x4  
  118  10:11  Roach x13  
  118  10:12  Roach  
  146  10:29  Unknown x4  
  146  10:30  Unknown  
  146  10:31  Roach  
  146  10:32  Roach x5  
  158  10:40  Drone x2  
  158  10:41  Overlord x2  
  160  11:05  Drone x2  
  160  11:06  Drone x7  
  160  11:10  Extractor  
  168  11:13  Extractor  
  167  11:25  Hydralisk Den  
  166  11:32  Overseer x4  
  166  11:33  Overseer x2  
Show
View Real Time Build Order
Export as new Build Order

JonWick Zerg - Winner!

Build Orders: Hatch First, Lurkers 

Get SALT Encoding   

  12  0:00  Drone  
  13  0:12  Overlord  
  13  0:17  Drone  
  14  0:31  Drone x2  
  16  0:50  Hatchery  
  16  0:51  Drone  
  16  0:58  Drone  
  16  0:59  Drone  
  18  1:13  Extractor  
  18  1:15  Spawning Pool  
  16  1:18  Drone  
  16  1:20  Drone  
  18  1:28  Drone  
  19  1:40  Overlord  
  19  1:53  Drone  
  20  2:01  Queen  
  20  2:02  Queen  
  20  2:04  Zergling x4  
  26  2:11  Drone  
  26  2:13  Metabolic Boost  
  27  2:17  Drone  
  28  2:23  Drone  
  28  2:24  Drone  
  30  2:35  Drone x2  
  32  2:43  Queen  
  34  2:45  Drone x2  
  34  2:50  Evolution Chamber  
  35  2:55  Roach Warren  
  34  3:01  Evolution Chamber  
  33  3:07  Overlord, Drone  
  33  3:08  Drone  
  33  3:09  Drone  
  36  3:19  Zerg Missile Weapons Level 1  
  36  3:23  Overlord  
  36  3:28  Drone x4  
  40  3:40  Zergling x8  
  44  3:45  Zergling x2  
  44  3:47  Lair  
  45  3:53  Zergling x6  
  48  4:00  Zergling x2  
  49  4:06  Drone x2  
  49  4:08  Extractor  
  50  4:10  Extractor  
  49  4:21  Hatchery, Drone x2  
  49  4:22  Drone  
  49  4:23  Drone  
  52  4:30  Drone  
  51  4:31  Overlord  
  51  4:37  Overlord  
  51  4:48  Drone  
  51  4:52  Glial Reconstitution  
  52  4:54  Overlord  
  52  4:57  Drone  
  52  4:58  Drone x4  
  57  5:02  Roach x2  
  57  5:05  Overseer  
  61  5:07  Roach  
  61  5:13  Roach  
  65  5:18  Roach  
  67  5:28  Roach x4  
  70  5:38  Roach x2  
  70  5:39  Roach  
  76  5:42  Zerg Missile Weapons Level 2  
  76  5:48  Roach x2  
  80  5:51  Overlord x2, Drone  
  80  5:52  Overlord  
  81  6:15  Roach  
  81  6:16  Roach x9  
  81  6:17  Extractor, Roach  
  102  6:26  Roach  
  102  6:27  Overlord  
  102  6:29  Drone  
  105  6:34  Hydralisk Den  
  105  6:35  Extractor  
  105  6:38  Roach  
  105  6:39  Roach x2  
  105  6:40  Roach  
  105  6:52  Overseer  
  105  6:58  Roach  
  105  6:59  Roach x3  
  113  7:03  Drone  
  113  7:07  Overlord x3  
  114  7:18  Lurker Den  
  114  7:19  Drone  
  114  7:27  Drone x3  
  117  7:31  Roach x6  
  129  7:37  Drone x3  
  129  7:43  Roach x3  
  138  7:51  Zerg Ground Armor Level 1  
  138  7:55  Extractor  
  138  7:56  Drone  
  138  8:03  Roach  
  138  8:04  Roach  
  132  8:25  Roach  
  132  8:26  Roach x6  
  138  8:28  Overlord x2  
  138  8:31  Drone x3  
  125  8:47  Drone x3  
  125  8:48  Drone x6  
  134  9:01  Hatchery  
  133  9:14  Roach x10  
  153  9:17  Drone  
  154  9:40  Overlord x2  
  154  9:41  Overlord x2  
  146  10:00  Burrow  
  146  10:01  Tunneling Claws  
  140  10:07  Hydralisk x12  
  162  10:16  Roach  
  162  10:17  Roach x4  
  172  10:22  Roach x2  
  176  10:36  Lurker x9  
  176  10:37  Lurker  
  176  10:41  Overlord  
  186  10:43  Drone x3  
  186  10:44  Extractor  
  186  10:45  Drone x3  
  186  10:46  Drone  
  192  11:00  Overlord  
  192  11:01  Overlord  
  192  11:11  Infestation Pit  
  191  11:14  Lurker  
  191  11:16  Overlord  
  191  11:17  Overlord  
  192  11:23  Lurker  
  193  11:47  Roach x3  
Tags
 
Composition
Lurkers
Matchup
ZvZ
Race
Zerg
Spawn Locations
Cross Positions
Add a new tag
Caveats
  • Supply blocks, unpowered buildings, or Contaminate may cause inaccurate times.
  • Supply counts are checked every 10 seconds.